[ AOE2 MATCH · #477799586 ]
UnrankedItalians vs Persians
[ REPLAY ANALYSIS · EXTRACTED FROM THE RECORDED GAME ]
Feudal
12:01
Castle
18:44
Imperial
—
| APM avg | 17.0 |
| APM peak | 38 |
| eAPM avg | 12.6 |
| Villagers / military | 80 / 32 |
Focus
⚔️ 14.8% · 🌾 85.2%
Genoese Crossbowman ×31 · Monk ×1
Feudal
12:09
Castle
26:45
Imperial
—
| APM avg | 10.6 |
| APM peak | 43 |
| eAPM avg | 6.5 |
| Villagers / military | 45 / 0 |
Focus
⚔️ 10.2% · 🌾 89.8%
Feudal
13:27
Castle
21:40
Imperial
—
| APM avg | 15.5 |
| APM peak | 50 |
| eAPM avg | 8.3 |
| Villagers / military | 53 / 3 |
Focus
⚔️ 6.0% · 🌾 94.0%
Spearman ×2 · Monk ×1 · Trade Cart ×1
Feudal
12:20
Castle
21:15
Imperial
—
| APM avg | 12.7 |
| APM peak | 56 |
| eAPM avg | 7.4 |
| Villagers / military | 47 / 6 |
Focus
⚔️ 6.7% · 🌾 93.3%
Ballista Elephant ×6
Feudal
11:35
Castle
22:19
Imperial
—
| APM avg | 10.8 |
| APM peak | 27 |
| eAPM avg | 8.3 |
| Villagers / military | 48 / 5 |
Focus
⚔️ 12.8% · 🌾 87.2%
Trade Cart ×3 · Scorpion ×2 · Spearman ×2 · Ballista Elephant ×1
Feudal
10:50
Castle
19:46
Imperial
27:56
| APM avg | 14.8 |
| APM peak | 64 |
| eAPM avg | 8.9 |
| Villagers / military | 70 / 6 |
Focus
⚔️ 9.9% · 🌾 90.1%
Monk ×6
Match map
Initial resources + every placement click. Lines = walls · curves = elevation contours. ◆ gold · ⬟ stone · ● berries · ✦ relic · ◌ wall gap
Your base· ✓ Closed at 18:44 · 12t walls · no gate
Colin's base· ✓ Closed at 26:45 · 22t walls · 2 gate(s)
cartofel22's base· ✓ Closed at 21:40 · 25t walls · 2 gate(s)
tanno_afca's base· ✓ Closed at 21:15 · 11t walls · no gate
Hokage_Taha's base· ✓ Closed at 22:19 · 32t walls · 1 gate(s)
lars.jak's base· ✓ Closed at 19:46 · 0t walls · no gate
Smoothed initial terrain · ◌ = detected wall gap · hover for details
Inputs per minute
— AadTheMoss - - Colin
Build order — AadTheMoss
First 150 of 203 actions detected
| 0:01 | Create | Villager (Male) |
| 0:01 | Create | Villager (Male) |
| 0:02 | Create | Villager (Male) |
| 0:02 | Create | Villager (Male) |
| 0:07 | Build | House |
| 0:08 | Build | House |
| 0:13 | Build | House |
| 0:24 | Research | Loom |
| 0:47 | Create | Villager (Male) |
| 0:47 | Create | Villager (Male) |
| 1:12 | Build | Palisade Wall |
| 2:05 | Create | Villager (Male) |
| 2:05 | Create | Villager (Male) |
| 3:15 | Build | Lumber Camp |
| 3:20 | Create | Villager (Male) |
| 3:20 | Create | Villager (Male) |
| 3:20 | Create | Villager (Male) |
| 3:37 | Create | Villager (Male) |
| 4:11 | Create | Villager (Male) |
| 4:41 | Create | Villager (Male) |
| 4:41 | Create | Villager (Male) |
| 5:21 | Create | Villager (Male) |
| 5:35 | Create | Villager (Male) |
| 5:51 | Create | Villager (Male) |
| 5:51 | Create | Villager (Male) |
| 6:45 | Build | House |
| 6:54 | Build | House |
| 7:06 | Build | Lumber Camp |
| 7:24 | Create | Villager (Male) |
| 7:24 | Create | Villager (Male) |
| 7:24 | Create | Villager (Male) |
| 7:51 | Build | Mill |
| 8:05 | Create | Villager (Male) |
| 8:06 | Create | Villager (Male) |
| 8:06 | Create | Villager (Male) |
| 9:09 | Build | Mining Camp |
| 9:43 | Build | Farm |
| 9:43 | Build | Farm |
| 9:44 | Build | Farm |
| 9:44 | Build | Farm |
| 9:51 | Research | Feudal Age |
| 10:07 | Build | Farm |
| 10:52 | Build | House |
| 11:29 | Create | Villager (Male) |
| 11:29 | Create | Villager (Male) |
| 12:01 | Age | Feudal Age |
| 12:06 | Research | Double-Bit Axe |
| 12:10 | Research | Horse Collar |
| 12:13 | Create | Villager (Male) |
| 12:17 | Create | Villager (Male) |
| 12:33 | Build | Mining Camp |
| 12:53 | Create | Villager (Male) |
| 13:19 | Build | Blacksmith |
| 13:22 | Build | Market |
| 13:55 | Create | Villager (Male) |
| 14:10 | Create | Villager (Male) |
| 15:09 | Create | Villager (Male) |
| 15:16 | Create | Villager (Male) |
| 15:36 | Build | Farm |
| 15:37 | Build | Farm |
| 15:37 | Build | Farm |
| 15:37 | Build | Farm |
| 15:37 | Build | Farm |
| 15:38 | Build | Farm |
| 15:38 | Build | Farm |
| 15:38 | Build | Farm |
| 15:38 | Build | Farm |
| 15:38 | Build | Farm |
| 15:39 | Build | Farm |
| 16:04 | Research | Castle Age |
| 16:05 | Research | Castle Age |
| 16:16 | Build | Farm |
| 16:40 | Research | Stone Mining |
| 16:40 | Research | Stone Mining |
| 17:14 | Research | Gold Mining |
| 17:21 | Build | House |
| 17:22 | Build | House |
| 17:48 | Build | Barracks |
| 18:35 | Create | Villager (Male) |
| 18:35 | Create | Villager (Male) |
| 18:37 | Create | Villager (Male) |
| 18:39 | Create | Villager (Male) |
| 18:40 | Create | Villager (Male) |
| 18:44 | Age | Castle Age |
| 18:48 | Research | Bow Saw |
| 19:23 | Build | Castle |
| 20:10 | Build | Town Center |
| 20:15 | Build | Farm |
| 20:19 | Research | Heavy Plow |
| 20:30 | Research | Stone Shaft Mining |
| 20:30 | Research | Stone Shaft Mining |
| 20:48 | Create | Villager (Male) |
| 20:58 | Research | Wheelbarrow |
| 21:04 | Build | Farm |
| 22:00 | Build | Town Center |
| 22:09 | Build | University |
| 22:27 | Create | Genoese Crossbowman |
| 22:27 | Create | Genoese Crossbowman |
| 22:32 | Create | Villager (Male) |
| 22:32 | Create | Villager (Male) |
| 22:41 | Create | Villager (Male) |
| 22:41 | Create | Villager (Male) |
| 22:41 | Create | Villager (Male) |
| 22:42 | Create | Villager (Male) |
| 23:01 | Create | Villager (Male) |
| 23:01 | Create | Villager (Male) |
| 23:13 | Build | Monastery |
| 23:22 | Create | Villager (Male) |
| 23:22 | Create | Villager (Male) |
| 23:22 | Create | Villager (Male) |
| 23:22 | Create | Villager (Male) |
| 23:43 | Create | Villager (Male) |
| 23:43 | Create | Villager (Male) |
| 23:47 | Create | Genoese Crossbowman |
| 23:47 | Create | Genoese Crossbowman |
| 23:47 | Create | Genoese Crossbowman |
| 24:06 | Create | Monk |
| 24:22 | Create | Villager (Male) |
| 24:22 | Create | Villager (Male) |
| 24:22 | Create | Villager (Male) |
| 24:23 | Create | Villager (Male) |
| 24:23 | Create | Villager (Male) |
| 24:32 | Create | Genoese Crossbowman |
| 24:32 | Create | Genoese Crossbowman |
| 24:33 | Create | Genoese Crossbowman |
| 24:33 | Create | Genoese Crossbowman |
| 24:33 | Create | Genoese Crossbowman |
| 24:46 | Build | Archery Range |
| 24:50 | Create | Genoese Crossbowman |
| 24:51 | Create | Genoese Crossbowman |
| 24:51 | Create | Genoese Crossbowman |
| 24:58 | Build | Farm |
| 24:59 | Build | Farm |
| 25:03 | Create | Villager (Male) |
| 25:03 | Create | Villager (Male) |
| 25:04 | Create | Villager (Male) |
| 25:04 | Create | Villager (Male) |
| 25:08 | Create | Genoese Crossbowman |
| 25:08 | Create | Genoese Crossbowman |
| 25:08 | Create | Genoese Crossbowman |
| 25:32 | Create | Villager (Male) |
| 25:33 | Create | Villager (Male) |
| 25:33 | Create | Villager (Male) |
| 25:40 | Build | Farm |
| 25:49 | Build | Farm |
| 25:58 | Research | Ballistics |
| 26:04 | Create | Genoese Crossbowman |
| 26:04 | Create | Genoese Crossbowman |
| 26:04 | Create | Genoese Crossbowman |
| 26:16 | Build | Farm |
Build order — Colin
132 actions detected in the replay
| 0:08 | Create | Villager (Male) |
| 0:09 | Research | Loom |
| 0:09 | Create | Villager (Male) |
| 0:10 | Create | Villager (Male) |
| 0:10 | Create | Villager (Male) |
| 0:10 | Create | Villager (Male) |
| 0:19 | Build | House |
| 0:27 | Build | House |
| 0:28 | Build | House |
| 0:36 | Build | Lumber Camp |
| 2:53 | Create | Villager (Male) |
| 2:53 | Create | Villager (Male) |
| 4:34 | Create | Villager (Male) |
| 4:34 | Create | Villager (Male) |
| 4:34 | Create | Villager (Male) |
| 4:34 | Create | Villager (Male) |
| 4:35 | Create | Villager (Male) |
| 5:47 | Create | Villager (Male) |
| 6:26 | Build | Mill |
| 7:17 | Create | Villager (Male) |
| 7:18 | Create | Villager (Male) |
| 7:18 | Create | Villager (Male) |
| 7:39 | Build | Mill |
| 10:05 | Research | Feudal Age |
| 10:19 | Build | Palisade Wall |
| 10:25 | Build | Palisade Gate |
| 11:08 | Create | Villager (Male) |
| 11:08 | Create | Villager (Male) |
| 11:08 | Create | Villager (Male) |
| 11:09 | Create | Villager (Male) |
| 11:18 | Build | Mining Camp |
| 11:26 | Build | House |
| 11:27 | Build | House |
| 12:09 | Age | Feudal Age |
| 13:03 | Build | Lumber Camp |
| 13:58 | Create | Villager (Male) |
| 13:59 | Create | Villager (Male) |
| 13:59 | Create | Villager (Male) |
| 13:59 | Create | Villager (Male) |
| 14:00 | Research | Wheelbarrow |
| 14:05 | Research | Double-Bit Axe |
| 14:08 | Research | Horse Collar |
| 15:03 | Build | Watch Tower |
| 15:17 | Build | Blacksmith |
| 15:24 | Build | House |
| 15:25 | Build | House |
| 15:26 | Build | House |
| 15:39 | Build | Market |
| 15:52 | Build | Farm |
| 15:53 | Build | Farm |
| 15:55 | Build | Farm |
| 15:59 | Create | Villager (Male) |
| 15:59 | Create | Villager (Male) |
| 16:00 | Create | Villager (Male) |
| 16:00 | Create | Villager (Male) |
| 16:17 | Build | Mining Camp |
| 16:23 | Research | Gold Mining |
| 16:24 | Research | Stone Mining |
| 16:59 | Build | Palisade Wall |
| 17:09 | Build | Palisade Wall |
| 17:30 | Build | Palisade Wall |
| 17:35 | Build | Palisade Wall |
| 17:49 | Build | House |
| 17:50 | Build | House |
| 17:51 | Build | House |
| 17:53 | Build | House |
| 18:20 | Build | Farm |
| 18:23 | Create | Villager (Male) |
| 18:23 | Create | Villager (Male) |
| 18:23 | Create | Villager (Male) |
| 18:23 | Create | Villager (Male) |
| 18:34 | Build | Palisade Wall |
| 19:04 | Build | Barracks |
| 19:37 | Build | Farm |
| 19:40 | Build | Farm |
| 19:43 | Build | Farm |
| 20:01 | Build | House |
| 20:03 | Build | House |
| 20:04 | Build | House |
| 20:22 | Build | Mining Camp |
| 20:31 | Build | Farm |
| 20:35 | Create | Villager (Male) |
| 20:36 | Create | Villager (Male) |
| 20:36 | Create | Villager (Male) |
| 20:36 | Create | Villager (Male) |
| 20:37 | Create | Villager (Male) |
| 20:51 | Build | Archery Range |
| 21:13 | Build | Farm |
| 21:32 | Build | Farm |
| 21:51 | Build | Farm |
| 22:13 | Build | Archery Range |
| 22:27 | Build | Farm |
| 22:39 | Build | Farm |
| 22:56 | Build | House |
| 23:03 | Build | House |
| 23:07 | Build | House |
| 23:11 | Build | House |
| 23:13 | Build | House |
| 23:18 | Build | House |
| 23:21 | Build | House |
| 24:06 | Build | Gate |
| 24:20 | Research | Castle Age |
| 24:38 | Research | Forging |
| 24:41 | Research | Fletching |
| 24:51 | Build | Lumber Camp |
| 24:57 | Build | Lumber Camp |
| 25:06 | Build | Lumber Camp |
| 25:27 | Create | Villager (Male) |
| 25:27 | Create | Villager (Male) |
| 25:27 | Create | Villager (Male) |
| 25:31 | Research | Padded Archer Armor |
| 25:57 | Build | House |
| 25:58 | Build | House |
| 25:59 | Build | House |
| 26:00 | Build | House |
| 26:03 | Build | House |
| 26:06 | Build | House |
| 26:07 | Build | House |
| 26:08 | Build | House |
| 26:10 | Build | House |
| 26:11 | Build | House |
| 26:28 | Research | Scale Barding Armor |
| 26:45 | Age | Castle Age |
| 26:46 | Build | Lumber Camp |
| 26:51 | Create | Villager (Male) |
| 26:54 | Research | Bow Saw |
| 27:19 | Build | Town Center |
| 27:44 | Build | Town Center |
| 27:59 | Create | Villager (Male) |
| 28:00 | Create | Villager (Male) |
| 28:00 | Create | Villager (Male) |
| 28:00 | Create | Villager (Male) |
Build order — cartofel22
119 actions detected in the replay
| 0:02 | Create | Villager (Male) |
| 0:02 | Research | Loom |
| 0:03 | Create | Villager (Male) |
| 0:03 | Create | Villager (Male) |
| 0:03 | Create | Villager (Male) |
| 0:05 | Build | House |
| 0:06 | Build | House |
| 1:40 | Build | Palisade Wall |
| 1:45 | Build | Palisade Gate |
| 2:48 | Create | Villager (Male) |
| 3:13 | Create | Villager (Male) |
| 3:13 | Create | Villager (Male) |
| 3:39 | Create | Villager (Male) |
| 4:17 | Create | Villager (Male) |
| 4:57 | Build | Mill |
| 5:11 | Create | Villager (Male) |
| 5:44 | Build | House |
| 5:56 | Create | Villager (Male) |
| 5:56 | Create | Villager (Male) |
| 6:04 | Create | Villager (Male) |
| 6:12 | Create | Villager (Male) |
| 6:54 | Build | Palisade Wall |
| 7:10 | Create | Villager (Male) |
| 7:10 | Create | Villager (Male) |
| 8:01 | Create | Villager (Male) |
| 8:39 | Create | Villager (Male) |
| 9:01 | Create | Villager (Male) |
| 9:12 | Build | Lumber Camp |
| 9:20 | Build | House |
| 9:41 | Create | Villager (Male) |
| 10:16 | Build | Barracks |
| 10:46 | Create | Villager (Male) |
| 11:17 | Research | Feudal Age |
| 11:35 | Build | Mining Camp |
| 11:58 | Create | Villager (Male) |
| 12:57 | Build | Mill |
| 13:27 | Age | Feudal Age |
| 13:51 | Build | Stone Wall |
| 13:56 | Build | Gate |
| 14:01 | Create | Spearman |
| 14:02 | Create | Spearman |
| 14:28 | Create | Villager (Male) |
| 14:29 | Create | Villager (Male) |
| 14:38 | Build | Blacksmith |
| 14:47 | Build | Market |
| 14:49 | Create | Villager (Male) |
| 14:49 | Create | Villager (Male) |
| 14:58 | Build | House |
| 15:27 | Create | Villager (Male) |
| 15:28 | Create | Villager (Male) |
| 15:52 | Build | Mill |
| 16:03 | Create | Villager (Male) |
| 16:22 | Create | Villager (Male) |
| 16:36 | Build | Mining Camp |
| 16:50 | Create | Villager (Male) |
| 17:10 | Build | House |
| 17:21 | Build | House |
| 17:26 | Build | House |
| 18:06 | Build | Farm |
| 18:08 | Build | Farm |
| 18:10 | Build | Farm |
| 18:12 | Build | Farm |
| 18:13 | Build | Farm |
| 18:15 | Build | Farm |
| 18:37 | Build | Farm |
| 18:49 | Build | Farm |
| 18:53 | Research | Castle Age |
| 19:23 | Build | House |
| 19:29 | Build | House |
| 19:31 | Build | House |
| 19:39 | Build | House |
| 19:41 | Build | House |
| 19:44 | Build | House |
| 19:46 | Build | House |
| 20:09 | Create | Villager (Male) |
| 20:09 | Create | Villager (Male) |
| 21:40 | Age | Castle Age |
| 23:00 | Build | Town Center |
| 23:04 | Build | Farm |
| 23:06 | Build | Farm |
| 23:06 | Build | Farm |
| 23:08 | Build | Farm |
| 23:09 | Build | Farm |
| 23:12 | Build | Farm |
| 23:19 | Create | Villager (Male) |
| 23:19 | Create | Villager (Male) |
| 23:20 | Create | Villager (Male) |
| 23:31 | Research | Horse Collar |
| 23:37 | Research | Double-Bit Axe |
| 23:40 | Create | Villager (Male) |
| 23:46 | Research | Caravan |
| 23:47 | Research | Coinage |
| 23:47 | Create | Trade Cart |
| 24:17 | Build | Farm |
| 24:19 | Build | Farm |
| 24:22 | Create | Villager (Male) |
| 24:22 | Create | Villager (Male) |
| 24:23 | Create | Villager (Male) |
| 24:23 | Create | Villager (Male) |
| 24:23 | Create | Villager (Male) |
| 24:57 | Create | Villager (Male) |
| 24:57 | Create | Villager (Male) |
| 25:10 | Build | Monastery |
| 25:20 | Create | Villager (Male) |
| 25:21 | Create | Villager (Male) |
| 25:21 | Create | Villager (Male) |
| 25:21 | Create | Villager (Male) |
| 25:39 | Build | Lumber Camp |
| 25:47 | Create | Villager (Male) |
| 25:47 | Create | Villager (Male) |
| 26:13 | Build | Castle |
| 26:19 | Build | Farm |
| 26:23 | Build | Farm |
| 26:27 | Create | Monk |
| 26:35 | Create | Villager (Male) |
| 26:35 | Create | Villager (Male) |
| 26:36 | Create | Villager (Male) |
| 26:54 | Build | Lumber Camp |
| 27:44 | Research | Stone Mining |
Build order — tanno_afca
79 actions detected in the replay
| 0:03 | Create | Villager (Male) |
| 0:03 | Create | Villager (Male) |
| 0:03 | Create | Villager (Male) |
| 0:04 | Create | Villager (Male) |
| 0:10 | Build | House |
| 0:11 | Build | House |
| 0:16 | Build | House |
| 1:25 | Research | Loom |
| 1:25 | Create | Villager (Male) |
| 1:43 | Build | Palisade Wall |
| 2:58 | Create | Villager (Male) ×3 |
| 3:06 | Create | Villager (Male) |
| 3:29 | Create | Villager (Male) |
| 3:57 | Build | Palisade Wall |
| 5:10 | Build | Lumber Camp |
| 5:18 | Create | Villager (Male) ×5 |
| 6:29 | Create | Villager (Male) ×2 |
| 7:18 | Build | Palisade Wall |
| 8:00 | Build | Mill |
| 8:18 | Build | House |
| 8:20 | Build | House |
| 10:10 | Research | Feudal Age |
| 11:41 | Create | Villager (Male) ×5 |
| 11:57 | Build | Mining Camp |
| 12:20 | Age | Feudal Age |
| 12:33 | Research | Horse Collar |
| 12:37 | Research | Double-Bit Axe |
| 13:41 | Build | Farm |
| 13:42 | Build | Farm |
| 13:44 | Build | Farm |
| 13:46 | Build | Farm |
| 14:51 | Build | Farm |
| 14:51 | Build | Farm |
| 14:53 | Build | Farm |
| 14:54 | Build | Farm |
| 15:07 | Create | Villager (Male) |
| 15:07 | Create | Villager (Male) |
| 15:08 | Create | Villager (Male) |
| 15:09 | Create | Villager (Male) |
| 15:15 | Build | Farm |
| 15:19 | Build | Farm |
| 15:23 | Build | Farm |
| 15:33 | Create | Villager (Male) |
| 16:06 | Build | House |
| 16:07 | Build | House |
| 16:09 | Build | House |
| 16:42 | Research | Gold Mining |
| 17:13 | Create | Villager (Male) |
| 17:13 | Create | Villager (Male) |
| 17:31 | Create | Villager (Male) |
| 17:45 | Build | Farm |
| 18:09 | Build | Farm |
| 18:13 | Build | Farm |
| 18:35 | Research | Castle Age |
| 18:49 | Build | Farm |
| 20:49 | Build | Market |
| 21:15 | Age | Castle Age |
| 21:22 | Build | University |
| 21:39 | Research | Stone Mining |
| 21:40 | Research | Gold Shaft Mining |
| 22:27 | Build | Castle |
| 22:42 | Build | Monastery |
| 22:49 | Create | Villager (Male) |
| 22:49 | Create | Villager (Male) |
| 22:49 | Create | Villager (Male) |
| 22:50 | Create | Villager (Male) |
| 22:50 | Create | Villager (Male) |
| 22:55 | Create | Villager (Male) |
| 22:55 | Create | Villager (Male) |
| 23:17 | Research | Ballistics |
| 24:25 | Create | Ballista Elephant ×4 |
| 24:46 | Create | Ballista Elephant |
| 24:46 | Create | Ballista Elephant |
| 25:05 | Research | Bow Saw |
| 25:09 | Research | Heavy Plow |
| 26:00 | Create | Villager (Male) ×5 |
| 26:00 | Create | Villager (Male) ×5 |
| 26:29 | Build | Farm |
| 28:24 | Build | Farm |
Build order — Hokage_Taha
116 actions detected in the replay
| 0:04 | Build | House |
| 0:07 | Build | House |
| 0:30 | Create | Villager (Male) |
| 0:31 | Create | Villager (Male) |
| 0:31 | Create | Villager (Male) |
| 0:31 | Create | Villager (Male) |
| 0:32 | Create | Villager (Male) |
| 1:32 | Build | Palisade Wall |
| 1:59 | Create | Villager (Male) |
| 2:53 | Create | Villager (Male) |
| 3:09 | Build | Palisade Wall |
| 3:15 | Create | Villager (Male) |
| 3:41 | Create | Villager (Male) |
| 4:28 | Create | Villager (Male) |
| 4:43 | Build | House |
| 4:47 | Build | House |
| 4:50 | Build | House |
| 4:53 | Create | Villager (Male) |
| 5:40 | Create | Villager (Male) |
| 5:41 | Create | Villager (Male) |
| 5:42 | Create | Villager (Male) |
| 7:16 | Create | Villager (Male) |
| 7:18 | Create | Villager (Male) |
| 7:21 | Create | Villager (Male) |
| 7:34 | Build | Mill |
| 7:58 | Build | Lumber Camp |
| 8:00 | Create | Villager (Male) |
| 9:25 | Research | Feudal Age |
| 9:46 | Build | Mining Camp |
| 11:35 | Age | Feudal Age |
| 11:46 | Build | Gate |
| 11:55 | Build | Stone Wall |
| 11:58 | Build | Stone Wall |
| 12:01 | Create | Villager (Male) |
| 12:01 | Create | Villager (Male) |
| 12:04 | Create | Villager (Male) |
| 12:04 | Create | Villager (Male) |
| 12:05 | Research | Double-Bit Axe |
| 13:02 | Build | Market |
| 13:06 | Create | Villager (Male) |
| 13:52 | Build | Farm |
| 13:54 | Build | Farm |
| 14:04 | Create | Villager (Male) |
| 14:06 | Create | Villager (Male) |
| 14:09 | Build | Farm |
| 14:11 | Build | Farm |
| 14:39 | Build | Farm |
| 15:10 | Build | Farm |
| 15:12 | Create | Villager (Male) |
| 15:13 | Create | Villager (Male) |
| 15:14 | Create | Villager (Male) |
| 15:24 | Build | House |
| 15:26 | Build | House |
| 15:28 | Build | House |
| 15:50 | Build | Blacksmith |
| 16:00 | Build | Farm |
| 16:10 | Build | House |
| 16:13 | Create | Villager (Male) |
| 16:17 | Build | Farm |
| 16:26 | Build | House |
| 16:33 | Build | Farm |
| 17:01 | Build | Farm |
| 17:05 | Create | Villager (Male) |
| 17:05 | Create | Villager (Male) |
| 17:17 | Build | Barracks |
| 17:19 | Build | House |
| 17:33 | Build | House |
| 17:36 | Build | House |
| 17:53 | Build | Farm |
| 18:00 | Build | Farm |
| 18:02 | Create | Villager (Male) |
| 18:03 | Create | Villager (Male) |
| 18:21 | Build | Lumber Camp |
| 18:31 | Build | Farm |
| 19:09 | Build | Farm |
| 19:39 | Research | Castle Age |
| 20:03 | Create | Trade Cart |
| 20:04 | Create | Trade Cart |
| 20:36 | Research | Wheelbarrow |
| 20:43 | Research | Horse Collar |
| 21:35 | Research | Man-at-Arms (upgrade) |
| 21:36 | Create | Spearman |
| 21:37 | Create | Spearman |
| 21:59 | Build | Stable |
| 22:04 | Build | Archery Range |
| 22:19 | Age | Castle Age |
| 22:30 | Build | Town Center |
| 23:05 | Build | Town Center |
| 23:12 | Create | Villager (Male) |
| 23:50 | Create | Villager (Male) |
| 23:51 | Create | Villager (Male) |
| 23:51 | Create | Villager (Male) |
| 24:02 | Build | Castle |
| 24:24 | Research | Bow Saw |
| 24:33 | Research | Pikeman (upgrade) |
| 24:48 | Research | Fletching |
| 24:49 | Research | Padded Archer Armor |
| 24:54 | Create | Trade Cart |
| 25:12 | Create | Villager (Male) |
| 25:12 | Create | Villager (Male) |
| 25:16 | Create | Villager (Male) |
| 25:16 | Create | Villager (Male) |
| 25:16 | Create | Villager (Male) |
| 25:16 | Create | Villager (Male) |
| 25:33 | Research | Gold Mining |
| 25:53 | Create | Villager (Male) |
| 26:01 | Create | Villager (Male) |
| 26:12 | Create | Ballista Elephant |
| 27:00 | Build | Town Center |
| 27:26 | Build | Town Center |
| 27:42 | Build | Siege Workshop |
| 27:54 | Create | Villager (Male) |
| 27:56 | Create | Villager (Male) |
| 28:01 | Create | Villager (Male) |
| 28:54 | Create | Scorpion |
| 28:55 | Create | Scorpion |
Build order — lars.jak
141 actions detected in the replay
| 0:02 | Build | House |
| 0:03 | Build | House |
| 0:04 | Create | Villager (Male) |
| 0:04 | Create | Villager (Male) |
| 0:04 | Create | Villager (Male) |
| 0:05 | Create | Villager (Male) |
| 1:31 | Create | Villager (Male) |
| 1:55 | Build | Lumber Camp |
| 1:59 | Research | Loom |
| 2:50 | Create | Villager (Male) |
| 2:50 | Create | Villager (Male) |
| 2:51 | Create | Villager (Male) |
| 3:17 | Create | Villager (Male) |
| 3:18 | Create | Villager (Male) |
| 3:18 | Create | Villager (Male) |
| 3:48 | Create | Villager (Male) |
| 4:02 | Build | House |
| 4:04 | Build | House |
| 4:10 | Create | Villager (Male) |
| 4:11 | Create | Villager (Male) |
| 4:29 | Create | Villager (Male) |
| 4:29 | Create | Villager (Male) |
| 5:06 | Create | Villager (Male) |
| 5:07 | Create | Villager (Male) |
| 5:07 | Create | Villager (Male) |
| 5:54 | Create | Villager (Male) |
| 6:26 | Create | Villager (Male) |
| 7:08 | Create | Villager (Male) |
| 7:08 | Create | Villager (Male) |
| 7:08 | Create | Villager (Male) |
| 7:30 | Build | Mill |
| 7:57 | Create | Villager (Male) |
| 8:23 | Research | Feudal Age |
| 9:26 | Build | House |
| 9:28 | Build | House |
| 9:35 | Create | Villager (Male) |
| 9:35 | Create | Villager (Male) |
| 10:08 | Build | Mill |
| 10:21 | Build | Mill |
| 10:50 | Age | Feudal Age |
| 10:51 | Research | Horse Collar |
| 10:51 | Research | Horse Collar |
| 11:37 | Create | Villager (Male) |
| 11:37 | Create | Villager (Male) |
| 11:38 | Create | Villager (Male) |
| 11:41 | Build | Farm |
| 11:41 | Build | Farm |
| 11:41 | Build | Farm |
| 11:42 | Build | Farm |
| 11:42 | Build | Farm |
| 11:42 | Build | Farm |
| 11:42 | Build | Farm |
| 11:43 | Build | Farm |
| 11:48 | Create | Villager (Male) |
| 12:41 | Create | Villager (Male) |
| 12:41 | Create | Villager (Male) |
| 12:42 | Create | Villager (Male) |
| 12:42 | Create | Villager (Male) |
| 13:26 | Build | Mining Camp |
| 13:39 | Build | Farm |
| 13:41 | Build | Farm |
| 13:42 | Build | Farm |
| 13:46 | Build | Lumber Camp |
| 14:15 | Build | Farm |
| 14:16 | Build | Farm |
| 14:17 | Build | Farm |
| 14:39 | Build | House |
| 14:39 | Build | House |
| 14:54 | Create | Villager (Male) |
| 14:57 | Create | Villager (Male) |
| 14:57 | Create | Villager (Male) |
| 15:38 | Build | Market |
| 16:13 | Create | Villager (Male) |
| 16:14 | Create | Villager (Male) |
| 16:25 | Build | Blacksmith |
| 16:49 | Build | Mining Camp |
| 16:52 | Create | Villager (Male) |
| 16:52 | Create | Villager (Male) |
| 17:04 | Research | Castle Age |
| 17:15 | Research | Gold Mining |
| 17:56 | Build | House |
| 17:57 | Build | House |
| 17:58 | Build | House |
| 18:01 | Build | House |
| 18:09 | Research | Wheelbarrow |
| 18:55 | Create | Villager (Male) |
| 18:56 | Create | Villager (Male) |
| 18:56 | Create | Villager (Male) |
| 19:36 | Build | House |
| 19:46 | Age | Castle Age |
| 19:58 | Build | Monastery |
| 20:02 | Build | University |
| 20:09 | Build | Monastery |
| 20:16 | Research | Double-Bit Axe |
| 20:20 | Research | Heavy Plow |
| 20:43 | Build | Lumber Camp |
| 20:50 | Create | Monk |
| 21:06 | Create | Monk |
| 21:17 | Create | Monk |
| 21:53 | Build | Town Center |
| 21:57 | Create | Villager (Male) |
| 21:57 | Create | Villager (Male) |
| 21:57 | Create | Villager (Male) |
| 21:58 | Create | Villager (Male) |
| 21:58 | Create | Villager (Male) |
| 22:04 | Research | Bow Saw |
| 22:08 | Research | Fervor |
| 22:10 | Research | Sanctity |
| 22:22 | Create | Villager (Male) |
| 22:22 | Create | Villager (Male) |
| 23:15 | Create | Villager (Male) |
| 23:16 | Create | Villager (Male) |
| 23:16 | Create | Villager (Male) |
| 23:16 | Create | Villager (Male) |
| 23:16 | Create | Villager (Male) |
| 23:38 | Create | Villager (Male) |
| 23:38 | Create | Villager (Male) |
| 23:39 | Create | Villager (Male) |
| 24:08 | Create | Monk |
| 24:09 | Create | Monk |
| 24:09 | Create | Monk |
| 24:23 | Build | Town Center |
| 24:31 | Research | Imperial Age |
| 25:20 | Create | Villager (Male) |
| 25:21 | Create | Villager (Male) |
| 25:27 | Create | Villager (Male) |
| 25:28 | Create | Villager (Male) |
| 25:28 | Create | Villager (Male) |
| 25:28 | Create | Villager (Male) |
| 25:29 | Create | Villager (Male) |
| 25:29 | Create | Villager (Male) |
| 26:07 | Research | Stone Mining |
| 26:26 | Research | Redemption |
| 27:18 | Research | Hand Cart |
| 27:24 | Create | Villager (Male) |
| 27:24 | Create | Villager (Male) |
| 27:56 | Age | Imperial Age |
| 28:01 | Research | Theocracy |
| 28:06 | Research | Illumination |
| 28:07 | Research | Block Printing |
| 28:55 | Build | Monastery |
Match timeline
| 1:12 | AadTheMoss · wall_segment Palisade Wall x12 |
| 1:32 | Hokage_Taha · wall_segment Palisade Wall x9 |
| 1:40 | cartofel22 · wall_segment Palisade Wall x12 |
| 1:43 | tanno_afca · wall_segment Palisade Wall x11 |
| 3:09 | Hokage_Taha · wall_segment Palisade Wall x11 |
| 3:57 | tanno_afca · wall_segment Palisade Wall x1 |
| 6:54 | cartofel22 · wall_segment Palisade Wall x1 |
| 7:18 | tanno_afca · wall_segment Palisade Wall x4 |
| 10:16 | cartofel22 · first_building Barracks |
| 10:19 | Colin · wall_segment Palisade Wall x13 |
| 10:50 | lars.jak · age_up feudal |
| 11:35 | Hokage_Taha · age_up feudal |
| 11:55 | Hokage_Taha · wall_segment Stone Wall x6 |
| 11:58 | Hokage_Taha · wall_segment Stone Wall x6 |
| 12:01 | AadTheMoss · age_up feudal |
| 12:09 | Colin · age_up feudal |
| 12:20 | tanno_afca · age_up feudal |
| 13:27 | cartofel22 · age_up feudal |
| 13:51 | cartofel22 · wall_segment Stone Wall x12 |
| 16:59 | Colin · wall_segment Palisade Wall x2 |
| 17:09 | Colin · wall_segment Palisade Wall x2 |
| 17:17 | Hokage_Taha · first_building Barracks |
| 17:30 | Colin · wall_segment Palisade Wall x3 |
| 17:35 | Colin · wall_segment Palisade Wall x1 |
| 17:48 | AadTheMoss · first_building Barracks |
| 18:34 | Colin · wall_segment Palisade Wall x1 |
| 18:44 | AadTheMoss · age_up castle |
| 19:04 | Colin · first_building Barracks |
| 19:23 | AadTheMoss · first_building Castle |
| 19:46 | lars.jak · age_up castle |
| 19:58 | lars.jak · first_building Monastery |
| 20:51 | Colin · first_building Archery Range |
| 21:15 | tanno_afca · age_up castle |
| 21:40 | cartofel22 · age_up castle |
| 21:59 | Hokage_Taha · first_building Stable |
| 22:04 | Hokage_Taha · first_building Archery Range |
| 22:08 | tanno_afca · first_market_sell 100 wood |
| 22:13 | tanno_afca · first_market_buy 100 stone |
| 22:19 | Hokage_Taha · age_up castle |
| 22:27 | tanno_afca · first_building Castle |
| 22:42 | tanno_afca · first_building Monastery |
| 23:13 | AadTheMoss · first_building Monastery |
| 24:02 | Hokage_Taha · first_building Castle |
| 24:46 | AadTheMoss · first_building Archery Range |
| 25:10 | cartofel22 · first_building Monastery |
| 26:13 | cartofel22 · first_building Castle |
| 26:45 | Colin · age_up castle |
| 27:38 | cartofel22 · first_market_buy 100 stone |
| 27:42 | Hokage_Taha · first_building Siege Workshop |
| 27:46 | cartofel22 · first_market_sell 100 wood |
| 27:56 | lars.jak · age_up imperial |
| 28:05 | cartofel22 · resign |
[ AI ANALYSIS · 1 CREDIT ]
What really happened in this match?
Wolo.gg analyzes every decision: build order, eco, micro, common mistakes by bracket. Personalized analysis on WhatsApp or Discord in 30 seconds.
Civ guide
Italians
Perfil
Jugador #19573735